 Dungeon Crawl Stone Soup version 0.30-a0-241-g1121274140 (webtiles) character file.

Game seed: 16164818139093844252

1136 gzilladon the Shield-Bearer (level 8, -5/67 HPs)
             Began as a Gnoll Fighter on Oct 10, 2022.
             Was an Initiate of Yredelemnul.
             Shot with an arrow by a centaur (9 damage)
             ... on level 6 of the Dungeon.
             The game lasted 00:17:26 (4544 turns).

gzilladon the Shield-Bearer (Gnoll Fighter)         Turns: 4544, Time: 00:17:26

Health: -5/67      AC: 10    Str: 19    XL:     8   Next: 36%
Magic:  13/13      EV: 10    Int:  7    God:    Yredelemnul [......]
Gold:   235        SH:  5    Dex: 11    Spells: 13/13 levels left

rFire   . . .      SeeInvis .    y - +2 war axe (vorpal)
rCold   . . .      Faith    .    c - +0 buckler
rNeg    . . .      Spirit   .    b - +0 scale mail
rPois   .          Reflect  .    k - +0 helmet
rElec   .          Harm     .    (no cloak)
rCorr   .          Rampage  .    h - +0 pair of gloves
Will    .....                    (no boots)
Stlth   +.........               (no amulet)
HPRegen 0.31/turn                (no ring)
MPRegen 0.13/turn                (no ring)

@: mighty
A: fangs 1, strong nose, distributed training
a: Renounce Religion, Recall Undead Harvest


You were on level 6 of the Dungeon.
You worshipped Yredelemnul.
Yredelemnul was noncommittal.
You visited 1 branch of the dungeon, and saw 6 of its levels.

You collected 235 gold pieces.

Inventory:

Hand Weapons
 a - a +0 war axe
 p - the +5 long sword "Heluz" {venom, Will+++ rCorr MP+9 Dex-4}
   (You found it on level 3 of the Dungeon)

   It poisons the flesh of those it strikes.
   Dex:       It affects your dexterity (-4).
   MP:        It affects your magic capacity (+9).
   rCorr:     It protects you from acid and corrosion.
   Will:      It greatly increases your willpower.
 y - a +2 vorpal war axe (weapon)
Missiles
 u - 9 boomerangs (quivered)
 w - 8 stones
Armour
 b - a +0 scale mail (worn)
 c - a +0 buckler (worn)
 h - a +0 pair of gloves (worn)
 k - a +0 helmet (worn)
Jewellery
 n - a ring of willpower
Scrolls
 e - a scroll of blinking {unknown}
 f - 8 scrolls of identify {unknown}
 i - 4 scrolls of teleportation {unknown}
 j - a scroll of vulnerability {unknown}
 m - a scroll of noise {unknown}
 o - 3 scrolls of enchant weapon {unknown}
 r - a scroll of immolation {unknown}
 s - a scroll of magic mapping {unknown}
 C - a scroll of silence {unknown}
Potions
 d - 3 potions of might
 g - 2 potions of curing {unknown}
 l - a potion of cancellation {unknown}
 q - a potion of heal wounds {unknown}
 t - 2 potions of lignification {unknown}
 v - 2 potions of attraction {unknown}
 x - a potion of haste
 z - a potion of degeneration {unknown}
 A - a potion of mutation {unknown}
 B - a potion of experience {unknown}
 D - 2 potions of brilliance {unknown}


   Skills:
 + Level 7.4 Fighting
 + Level 3.3 Short Blades
 + Level 3.3 Long Blades
 + Level 5.7 Axes
 + Level 3.3 Maces & Flails
 + Level 3.3 Polearms
 + Level 3.3 Staves
 + Level 3.3 Ranged Weapons
 + Level 3.3 Throwing
 + Level 7.4 Armour
 + Level 3.3 Dodging
 + Level 3.3 Stealth
 + Level 7.4 Shields
 + Level 3.3 Unarmed Combat
 + Level 3.3 Spellcasting
 + Level 2.7 Conjurations
 + Level 2.7 Hexes
 + Level 2.7 Summonings
 + Level 2.7 Necromancy
 + Level 2.7 Translocations
 + Level 2.7 Transmutations
 + Level 2.7 Fire Magic
 + Level 2.7 Ice Magic
 + Level 2.7 Air Magic
 + Level 2.7 Earth Magic
 + Level 2.7 Poison Magic
 + Level 3.6 Invocations
 + Level 3.3 Evocations


You had 13 spell levels left.
You didn't know any spells.
Your spell library contained the following spells:

 Spells                   Type           Power      Damage    Failure   Level
 Blink                    Tloc           8%         N/A       50%         2
 Cigotuvi's Dreadful Rot  Necr/Pois/Air  8%         N/A       50%         2
 Momentum Strike          Conj/Tloc      8%         3d8       50%         2
 Poisonous Vapours        Pois/Air       8%         N/A       50%         2
 Dazzling Flash           Conj/Hex       8%         N/A       73%         3
 Lesser Beckoning         Tloc           8%         N/A       73%         3
 Mephitic Cloud           Conj/Pois/Air  4%         N/A       73%         3
 Animate Armour           Summ/Erth      8%         N/A       98%         4
 Iskenderun's Mystic Bla  Conj/Tloc      4%         2d3       98%         4
 Blade Hands              Tmut           2%         N/A       100%        5
 Iron Shot                Conj/Erth      2%         9d2       100%        6
 Starburst                Conj/Fire      2%         6d3       100%        6


Dungeon Overview and Level Annotations

Branches:
Dungeon (6/15)
 Temple: D:4-7

Altars:
Cheibriados
Elyvilon
Hepliaklqana
Kikubaaqudgha
Makhleb
Nemelex Xobeh
Uskayaw
Xom
Yredelemnul
Zin
The Shining One

Annotations:
D:4 1 transporter, Anomharan's ghost, amateur HuBe


Innate Abilities, Weirdness & Mutations

You have very sharp teeth.
Your uncanny sense of smell can sniff out nearby items.
Your experience applies equally to all skills.


Message History

* * * LOW HITPOINT WARNING * * *
Your gnoll zombie hits the centaur but does no damage.
The centaur shoots an arrow.
The arrow hits your jelly zombie!
The centaur shoots an arrow.
The arrow hits your jelly zombie!
Your jelly zombie is destroyed!
Your gnoll zombie barely misses the centaur.
Things that are here:
a +0 whip; a scroll labelled XOERCH MOOQEWUD
Found a purple potion.
The centaur unwields a +0 shortbow.
The centaur closely misses you.
The centaur kicks you but does no damage.
Your gnoll zombie hits the centaur but does no damage.
The centaur closely misses you. x2
You slash the centaur!
The centaur is almost dead.
The centaur hits you.
* * * LOW HITPOINT WARNING * * *
The centaur kicks you.
* * * LOW HITPOINT WARNING * * *
Your gnoll zombie hits the centaur.
You swap places.
The centaur hits your gnoll zombie. The centaur kicks your gnoll zombie.
Your orc zombie hits the centaur but does no damage.
The centaur hits your orc zombie! The centaur kicks your orc zombie.
Your gnoll zombie hits the centaur.
Things that are here:
a +0 whip; a scroll labelled XOERCH MOOQEWUD The centaur hits your orc zombie.
Your orc zombie is destroyed!
Your gnoll zombie barely misses the centaur.
The centaur shouts!
The centaur wields a +0 shortbow.
The centaur shoots an arrow.
The arrow hits your jelly zombie!
Your jelly zombie is destroyed!
The centaur shoots an arrow.
The arrow hits you but does no damage.
The centaur shoots an arrow.
The arrow completely misses your orc zombie.
The arrow hits you!
You die...
Your body rises from the dead as a mindless zombie.

#. ..... .#.###.#.#
.........# .........#
.........# #.###
.........####.# #.##.
......Z.......# #.##.
......cZ@# #.# ##.##.
.......#)## #.# .##.##.
.......#.)###.# ##.##....
...###.#....#.#.....#....
.. #!#....#.#.....#.... .
..#......#.....#.##Z
#######....###.#Z##.
##.....#.#.##.
#.#.#...#.###


You could see a centaur (ally target), a friendly gnoll zombie and a friendly
orc zombie.

Vanquished Creatures
  A water moccasin (D:5)
  An orc warrior (D:6)
  An ogre (D:6)
  A necrophage (D:5)
  2 scorpions (D:4)
  4 wights (D:6)
  3 jellies
  A gnoll bouda (D:6)
  2 orc priests (D:6)
  An iguana (D:4)
  An orc wizard (D:5)
  Robin (D:2)
  7 gnolls
  7 adders
  A shadow imp (D:5)
  4 worms
  3 dart slugs
  18 orcs
  3 endoplasms
  A giant cockroach (D:4)
  13 goblins
  3 hobgoblins
  3 jackals (D:2)
  2 kobolds (D:3)
  3 quokkas
  8 ball pythons
  A frilled lizard (D:3)
  2 rats
98 creatures vanquished.

Vanquished Creatures (collateral kills)
  2 ball pythons (D:4)
  A giant cockroach (D:4)
3 creatures vanquished.

Vanquished Creatures (others)
  2 jelly zombies (D:6)
  A spectral shadow imp (D:5)
  An adder zombie (D:4)
  A gnoll zombie (D:6)
  A giant cockroach zombie (D:4)
  5 orc zombies
  6 plants (D:4)
17 creatures vanquished.

Grand Total: 118 creatures vanquished

Notes
Turn   | Place    | Note
-------+----------+-------------------------------------------
     0 | D:1      | gzilladon the Gnoll Fighter began the quest for the Orb.
     0 | D:1      | Reached XP level 1. HP: 23/23 MP: 1/1
   121 | D:1      | You fall into a shaft and drop 1 floor!
   214 | D:2      | Reached XP level 2. HP: 29/29 MP: 2/2
   314 | D:2      | Reached XP level 3. HP: 35/35 MP: 2/4
   535 | D:2      | Noticed Robin
   538 | D:2      | Reached skill level 1 in Invocations
   554 | D:2      | Reached skill level 1 in Short Blades
   554 | D:2      | Reached skill level 1 in Long Blades
   554 | D:2      | Reached skill level 1 in Maces & Flails
   554 | D:2      | Reached skill level 1 in Polearms
   554 | D:2      | Reached skill level 1 in Staves
   554 | D:2      | Reached skill level 1 in Ranged Weapons
   554 | D:2      | Reached skill level 1 in Throwing
   554 | D:2      | Reached skill level 1 in Dodging
   554 | D:2      | Reached skill level 1 in Stealth
   554 | D:2      | Reached skill level 1 in Unarmed Combat
   554 | D:2      | Reached skill level 1 in Spellcasting
   554 | D:2      | Reached skill level 1 in Evocations
   561 | D:2      | Killed Robin
   563 | D:2      | Reached XP level 4. HP: 22/41 MP: 5/5
  1233 | D:3      | Reached skill level 1 in Conjurations
  1233 | D:3      | Reached skill level 1 in Hexes
  1233 | D:3      | Reached skill level 1 in Summonings
  1233 | D:3      | Reached skill level 1 in Necromancy
  1233 | D:3      | Reached skill level 1 in Translocations
  1233 | D:3      | Reached skill level 1 in Transmutations
  1233 | D:3      | Reached skill level 1 in Fire Magic
  1233 | D:3      | Reached skill level 1 in Ice Magic
  1233 | D:3      | Reached skill level 1 in Air Magic
  1233 | D:3      | Reached skill level 1 in Earth Magic
  1233 | D:3      | Reached skill level 1 in Poison Magic
  1459 | D:3      | Identified the +5 long sword "Heluz" {venom, Will+++ rCorr
                  | MP+9 Dex-4}
  1554 | D:3      | Found a burning altar of Makhleb.
  1555 | D:3      | Noticed an Executioner
  1564 | D:3      | Found a glowing silver altar of Zin.
  1565 | D:3      | Noticed an angel
  1850 | D:3      | Found a snail-covered altar of Cheibriados.
  1853 | D:3      | Found an ancient bone altar of Kikubaaqudgha.
  1857 | D:3      | Found a basalt altar of Yredelemnul.
  1860 | D:3      | Found a sparkling altar of Nemelex Xobeh.
  1865 | D:3      | Became a worshipper of Yredelemnul the Dark
  1869 | D:3      | Found a glowing golden altar of the Shining One.
  1872 | D:3      | Found a white marble altar of Elyvilon.
  1877 | D:3      | Found a hazy altar of Hepliaklqana.
  1879 | D:3      | Found a shimmering altar of Xom.
  2319 | D:4      | Noticed a scorpion
  2325 | D:4      | Killed a scorpion
  2326 | D:4      | Reached XP level 5. HP: 47/47 MP: 7/7
  2340 | D:4      | Identified the +2 buckler "Resael" {-Tele Will+ Slay+4}
  2354 | D:4      | Found a transporter.
  2435 | D:4      | Reached * piety under Yredelemnul
  2548 | D:4      | Reached ** piety under Yredelemnul
  2710 | D:4      | Reached XP level 6. HP: 42/53 MP: 8/8
  2815 | D:4      | Noticed Anomharan's ghost (amateur HuBe)
  2836 | D:4      | Reached skill level 5 in Axes
  2987 | D:5      | Entered Level 5 of the Dungeon
  3132 | D:5      | Noticed a water moccasin
  3147 | D:5      | Killed a water moccasin
  3463 | D:5      | Reached XP level 7. HP: 57/60 MP: 10/10
  3933 | D:6      | Found a hide-covered altar of Uskayaw.
  4151 | D:6      | Reached XP level 8. HP: 37/67 MP: 12/12
  4452 | D:6      | Identified the +3 long sword "Newtslayer" {vorpal, rN+
                  | rCorr Str-2 SInv}
  4540 | D:6      | HP: 3/67 [centaur (1)]
  4544 | D:6      | Shot with an arrow by a centaur

Illustrated notes

Levels and vault maps discovered:
D:1:      ebering_trefoil_3fold, layout_rooms
D:2:      layout_basic, minmay_misc_feat_ornament, uniq_robin
D:3:      layout_loops_ring, grunt_temple_overflow_order_and_chaos_2,
          nicolae_overflow_hallway_of_the_gods, kennysheep_generic_room_4
D:4:      layout_basic, gammafunk_ghost_gnarly_gnolls,
          nicolae_figureground_pulse
D:5:      layout_gridville
D:6:      layout_basic, overflow_temple_1_default

Skill      XL: |  1  2  3  4  5  6  7 |
---------------+----------------------+-----
Invocations    | 1 2 3 |  3.6
Short Blades   | 1 2 3 |  3.3
Long Blades    | 1 2 3 |  3.3
Maces & Flails | 1 2 3 |  3.3
Polearms       | 1 2 3 |  3.3
Staves         | 1 2 3 |  3.3
Ranged Weapons | 1 2 3 |  3.3
Throwing       | 1 2 3 |  3.3
Dodging        | 1 2 3 |  3.3
Stealth        | 1 2 3 |  3.3
Unarmed Combat | 1 2 3 |  3.3
Spellcasting   | 1 2 3 |  3.3
Evocations     | 1 2 3 |  3.3
Conjurations   | 1 2 |  2.7
Hexes          | 1 2 |  2.7
Summonings     | 1 2 |  2.7
Necromancy     | 1 2 |  2.7
Translocations | 1 2 |  2.7
Transmutations | 1 2 |  2.7
Fire Magic     | 1 2 |  2.7
Ice Magic      | 1 2 |  2.7
Air Magic      | 1 2 |  2.7
Earth Magic    | 1 2 |  2.7
Poison Magic   | 1 2 |  2.7
Axes           | 5 |  5.7
Fighting       | 7 |  7.4
Armour         | 7 |  7.4
Shields        | 7 |  7.4

Action                   |  1- 3 |  4- 6 |  7- 9 || total
-------------------------+-------+-------+-------++-------
Melee: War axe           |    55 |    51 |    67 ||   173
       Bite              |     4 |    16 |    13 ||    33
       Long sword        |       |    72 |       ||    72
  Use: Potion            |       |       |     1 ||     1
 Stab: Distracted        |       |     2 |     1 ||     3
Armor: Scale mail        |    39 |    56 |    31 ||   126
Dodge: Dodged            |    31 |    44 |    34 ||   109
Block: Buckler           |    23 |    25 |    27 ||    75

Table legend: (Time is in decaauts)
 A = Elapsed time spent in this place.
 B = Non-inter-level travel time spent in this place.
 C = Inter-level travel time spent in this place.
 D = Time resting spent in this place.
 E = Time spent auto-exploring this place.
 F = Levels seen in this place.
 G = Mean time per level.
                   A        B        C        D        E       F      G
               +--------+--------+--------+--------+--------+-----+--------+
         Total |   4665 |   3966 |    699 |    619 |      0 |   6 |  777.5 |
       Dungeon |   4665 |   3966 |    699 |    619 |      0 |   6 |  777.5 |
               +--------+--------+--------+--------+--------+-----+--------+

Top non-repeatable levels by time:
     D:2: 1076 daAuts
     D:5: 992 daAuts
     D:3: 991 daAuts
     D:4: 855 daAuts
     D:6: 625 daAuts
     D:1: 123 daAuts
